 Dungeon Crawl Stone Soup version 0.28-a0-479-g5baa6b73be (webtiles) character file.

Game seed: 7921845052753269445

34 lagrange the Sneak (level 3, -6/16 HPs)
             Began as a Spriggan Earth Elementalist on Sept 17, 2021.
             Killed by nerve-wracking pain
             ... invoked by an orc priest
              (7 damage)
             ... on level 1 of the Dungeon.
             The game lasted 00:02:56 (1729 turns).

lagrange the Sneak (Spriggan Earth Elementalist)    Turns: 1729, Time: 00:02:56

Health: -6/16      AC:  2    Str:  5    XL:     3   Next: 14%
Magic:  8/8        EV: 17    Int: 16    God:
Gold:   35         SH:  0    Dex: 15    Spells: 5/8 levels left

rFire   . . .      SeeInvis +   f - +1 short sword (venom)
rCold   . . .      Faith    .   (shield restricted)
rNeg    . . .      Spirit   .   b - +0 robe
rPois   .          Reflect  .   (helmet restricted)
rElec   .          Harm     .   (no cloak)
rCorr   .          Rampage  .   (gloves unavailable)
Will    .....                   (boots unavailable)
Stlth   ++........              (no amulet)
HPRegen 0.05/turn               (no ring)
MPRegen 0.11/turn               (no ring)

@: very quick
A: very small, no large weapons, unfitting armour, see invisible, speed 3
a: no special abilities


You were on level 1 of the Dungeon.
You visited 1 branch of the dungeon, and saw 2 of its levels.

You collected 35 gold pieces.

Inventory:

Hand Weapons
 d - a +0 dagger
 f - a +1 short sword of venom (weapon)
Missiles
 c - 47 stones
Armour
 b - a +0 robe (worn)
Scrolls
 a - a scroll of noise {unknown}
 e - 2 scrolls of teleportation
 g - a scroll of identify {unknown}
 h - a scroll of torment {unknown}


   Skills:
 + Level 0.5 Short Blades
 + Level 3.1 Dodging
 + Level 3.4 Stealth
 + Level 3.0 Spellcasting
 + Level 1.3 Transmutations
 + Level 3.3 Earth Magic


You had 5 spell levels left.
You knew the following spells:

 Your Spells              Type           Power      Damage    Failure   Level
a - Sandblast             Erth           26%        2d8       4%          1
b - Passwall              Tmut/Erth      8%         N/A       11%         2

Your spell library contained the following spells:

 Spells                   Type           Power      Damage    Failure   Level
 Stone Arrow              Conj/Erth      14%        3d7       28%         3
 Petrify                  Tmut/Erth      10%        N/A       56%         4


Dungeon Overview and Level Annotations

Branches:
Dungeon (2/15)

Altars:


Innate Abilities, Weirdness & Mutations

You are very small and have problems with some larger weapons.
You are too small for most types of armour.
You have supernaturally acute eyesight. (SInv)
You cover ground extremely quickly. (Speed+++)


Message History

You aren't carrying any items that you can evoke.
As you read the scroll labelled ALISKE EWKA, it crumbles to dust.
You feel strangely unstable.
It was a scroll of teleportation.
The orc completely misses you.
You hit the orc.
The orc is poisoned.
The orc is severely wounded.
You kill the orc!
Your Spellcasting skill increases to level 3!
You see here a +0 club.
You barely miss the orc.
Your surroundings suddenly seem different.
You start resting.
HP restored.
Done exploring.
You see here a +0 club.
The orc shouts!
What are your orders? t - Shout!
Orders for allies: a - Attack new target. r - Retreat! s - Stop attacking. g - Guard the area. f - Follow me.
Anything else - Cancel.
You shout for attention!
You hear a shout!
You see here a +0 whip.
The orc barely misses you.
You barely miss the orc. You hit the orc.
The orc is poisoned.
The orc is moderately wounded.
You hit the orc.
You kill the orc!
The orc hits you with a +0 whip.
You closely miss the orc. The orc hits you with a +0 whip.
You barely miss the orc. You barely miss the orc. The orc closely misses you.
You closely miss the orc. The orc hits you with a +0 whip.
* * * LOW HITPOINT WARNING * * *
You barely miss the orc priest. The orc barely misses you.
The orc priest calls down the wrath of Beogh upon you.
Pain shoots through your body!
You die...

##....................#
#...##.##.....##.##...#
#.###.#.##.#.##.#.##..#
#######.#(..#...###...#..#..#####
#.....#.###.#.##.#.##.#.##.......
#.....#...##.##.....##.##..######
...........................#.....
............###.)..##......#.####
...............o@................
......#####.###)o.###...#####...#
.###### #.# ##....#...# #..... .#
#######.####.##.#.######.#..# .#
#............##.#...........# .#
#............#.........##.#.# .#
#............#..........#.... .#
#............#..........#.... .#
#............##.#.........#.#


You could see an orc priest and an orc.

Vanquished Creatures
  A dart slug (D:1)
  2 orcs (D:1)
  An endoplasm (D:1)
  2 goblins (D:1)
  A hobgoblin (D:1)
  4 jackals (D:1)
  2 ball pythons (D:1)
  4 bats (D:1)
  2 frilled lizards (D:1)
  5 kobolds (D:1)
  5 rats (D:1)
29 creatures vanquished.

Notes
Turn   | Place    | Note
-------+----------+-------------------------------------------
     0 | D:1      | lagrange the Spriggan Earth Elementalist began the quest
                  | for the Orb.
     0 | D:1      | Reached XP level 1. HP: 9/9 MP: 5/5
   355 | D:1      | Reached XP level 2. HP: 12/13 MP: 6/6
   359 | D:1      | Learned a level 2 spell: Passwall
   751 | D:1      | Found a faded altar of an unknown god.
  1161 | D:1      | Reached XP level 3. HP: 8/16 MP: 8/8
  1729 | D:1      | Killed from afar by an orc priest

Illustrated notes

Levels and vault maps discovered:
D:1:      dpeg_arrival_subterranean_lakeside_camping, layout_basic,
          shapermc_ecumenical_altar_mp_vishouse, minmay_ruptured
D:2:      layout_loops_ring, grunt_ministairs_14

Skill      XL: |  1  2  3 |
---------------+----------+-----
Earth Magic    | 3 |  3.3
Dodging        | 3 |  3.1
Spellcasting   | 3 |  3.0
Short Blades   | |  0.5
Stealth        | |  3.4
Transmutations | |  1.3

Action                   || total
-------------------------++-------
Melee: Dagger            ||    20
       Short sword       ||    45
 Cast: Sandblast         ||     8
  Use: Scroll            ||     1
 Stab: Sleeping          ||     3
Armor: Robe              ||    12
Dodge: Dodged            ||    51

Table legend: (Time is in decaauts)
 A = Elapsed time spent in this place.
 B = Non-inter-level travel time spent in this place.
 C = Inter-level travel time spent in this place.
 D = Time resting spent in this place.
 E = Time spent auto-exploring this place.
 F = Levels seen in this place.
 G = Mean time per level.
                   A        B        C        D        E       F      G
               +--------+--------+--------+--------+--------+-----+--------+
         Total |   1342 |   1297 |     45 |    398 |    691 |   2 |  671.0 |
       Dungeon |   1342 |   1297 |     45 |    398 |    691 |   2 |  671.0 |
               +--------+--------+--------+--------+--------+-----+--------+

Top non-repeatable levels by time:
     D:1: 1340 daAuts
     D:2: 1 daAuts
